PBL
CHESTER PIRATES @ NEW JERSEY DEVILS
08/29/2047
 
TOP OF THE 1ST
Chester Pirates batting - Pitching for New Jersey Devils : RHP Justin Vallis
Pitching: RHP Justin Vallis
Batting: RHB Ryan LeSueur 0-0: Called Strike
0-1: Swinging Strike
0-2: Ground out 6-3 (Groundball, 6, EV 81.2 MPH)
Batting: LHB Kazuyoshi Ikeda 0-0: Ball
1-0: Called Strike
1-1: Called Strike
1-2: SOLO HOME RUN (Flyball, 89XD, EV 103.1 MPH), Distance : 417 ft
Batting: RHB Ricky Alvarado 0-0: Ball
1-0: Ground out U3 (Groundball, 34, EV 93.1 MPH)
Batting: RHB Jason Rhodes 0-0: Fly out, F9 (Flyball, 89D, EV 90.6 MPH)
Top of the 1st over - 1 run, 1 hit, 0 errors, 0 left on base; Chester 1 - New Jersey 0
BOTTOM OF THE 1ST
New Jersey Devils batting - Pitching for Chester Pirates : RHP Luis Flores
Pitching: RHP Luis Flores
Batting: SHB Tyler Maddux 0-0: Ball
1-0: Ball
2-0: Ball
3-0: Called Strike
3-1: Fly out, F7 (Line Drive, 78M, EV 110.6 MPH)
Batting: LHB Randolph Brodbeck 0-0: SINGLE (Groundball, 4MD, EV 96.9 MPH)
Batting: RHB Chris Artz 0-0: Ball
1-0: Ball
2-0: Called Strike
2-1: Called Strike
2-2: Strikes out swinging
Batting: RHB Jim Freels 0-0: Ball
1-0: Called Strike
1-1: Reached on error, E6 (Groundball, 6, EV 85.0 MPH)
Randolph Brodbeck to second
Batting: RHB Craig Alvarado 0-0: Ball
1-0: Ball
2-0: Called Strike
2-1: Ground out 4-3 (Groundball, 4, EV 90.0 MPH)
Bottom of the 1st over - 0 runs, 1 hit, 1 error, 2 left on base; Chester 1 - New Jersey 0
TOP OF THE 2ND
Chester Pirates batting - Pitching for New Jersey Devils : RHP Justin Vallis
Batting: RHB Erik Mulligan 0-0: Ball
1-0: Fly out, F7 (Line Drive, 7S, EV 101.9 MPH)
Batting: RHB Hidesuke Yoshida 0-0: Ball
1-0: Ball
2-0: Called Strike
2-1: Called Strike
2-2: SOLO HOME RUN (Flyball, 9D, EV 94.4 MPH), Distance : 363 ft
Batting: LHB Damien Cohen 0-0: Swinging Strike
0-1: Called Strike
0-2: Strikes out looking
Batting: RHB Matt Derrien 0-0: Called Strike
0-1: Ball
1-1: Swinging Strike
1-2: Strikes out swinging
Top of the 2nd over - 1 run, 1 hit, 0 errors, 0 left on base; Chester 2 - New Jersey 0
BOTTOM OF THE 2ND
New Jersey Devils batting - Pitching for Chester Pirates : RHP Luis Flores
Batting: RHB Sergio Andrada 0-0: Called Strike
0-1: Ball
1-1: Ball
2-1: Fly out, F7 (Flyball, 7LM, EV 88.8 MPH)
Batting: SHB Ernesto Mazas 0-0: Ground out 1-3 (Groundball, 13S, EV 66.9 MPH)
Batting: RHB Oscar Ramirez 0-0: Foul Ball, location: 2F
0-1: Fly out, F9 (Flyball, 9S, EV 81.2 MPH)
Bottom of the 2nd over - 0 runs, 0 hits, 0 errors, 0 left on base; Chester 2 - New Jersey 0
TOP OF THE 3RD
Chester Pirates batting - Pitching for New Jersey Devils : RHP Justin Vallis
Batting: RHB Francisco Santos 0-0: Ball
1-0: Called Strike
1-1: Ball
2-1: Foul Ball, location: 2F
2-2: Fly out, F9 (Flyball, 9D, EV 89.4 MPH)
Batting: RHB Ryan LeSueur 0-0: Ball
1-0: Ball
2-0: Ball
3-0: Base on Balls
Batting: LHB Kazuyoshi Ikeda Pickoff Play to 1st, Runner tries for 2nd, OUT after rundown.
0-0: Called Strike
0-1: Foul Ball, location: 2F
0-2: Fly out, F9 (Flyball, 9LM, EV 86.9 MPH)
Top of the 3rd over - 0 runs, 0 hits, 0 errors, 0 left on base; Chester 2 - New Jersey 0
BOTTOM OF THE 3RD
New Jersey Devils batting - Pitching for Chester Pirates : RHP Luis Flores
Batting: LHB Joel Sandoval 0-0: Ball
1-0: Ball
2-0: Ball
3-0: Base on Balls
Batting: SHB Tyler Maddux 0-0: Called Strike
0-1: Ball
1-1: Fly out, F5 (Popup, 5SF, EV 82.5 MPH)
Batting: LHB Randolph Brodbeck 0-0: Foul Ball, location: 2F
0-1: Ball
1-1: Called Strike
1-2: Strikes out looking
Batting: RHB Chris Artz 0-0: Foul Ball, location: 2F
0-1: Ball
1-1: Ball
2-1: Ball
3-1: Base on Balls
Joel Sandoval to second
Batting: RHB Jim Freels 0-0: Foul Ball, location: 2F
0-1: Foul Ball, location: 2F
0-2: Foul Ball, location: 2F
0-2: Ball
1-2: Ball
2-2: 3-RUN HOME RUN (Flyball, 7D, EV 102.5 MPH), Distance : 383 ft
Batting: RHB Craig Alvarado 0-0: Ball
1-0: Swinging Strike
1-1: Ball
2-1: Foul Ball, location: 2F
2-2: Ground out 4-3 (Groundball, 34, EV 88.1 MPH)
Bottom of the 3rd over - 3 runs, 1 hit, 0 errors, 0 left on base; Chester 2 - New Jersey 3
TOP OF THE 4TH
Chester Pirates batting - Pitching for New Jersey Devils : RHP Justin Vallis
Batting: RHB Ricky Alvarado 0-0: Swinging Strike
0-1: Ball
1-1: Foul Ball, location: 2F
1-2: Ball
2-2: Ball
3-2: Strikes out swinging
Batting: RHB Jason Rhodes 0-0: Ball
1-0: Ball
2-0: Ball
3-0: Called Strike
3-1: DOUBLE (Line Drive, 7LM, EV 90.6 MPH)
Batting: RHB Erik Mulligan 0-0: Ball
1-0: Foul Ball, location: 2F
1-1: Ball
2-1: Foul Ball, location: 2F
2-2: Ball
3-2: Strikes out looking
Batting: RHB Hidesuke Yoshida 0-0: Called Strike
0-1: Ball
1-1: Foul Ball, location: 2F
1-2: Fly out, F7 (Flyball, 7LM, EV 105.0 MPH)
Top of the 4th over - 0 runs, 1 hit, 0 errors, 1 left on base; Chester 2 - New Jersey 3
BOTTOM OF THE 4TH
New Jersey Devils batting - Pitching for Chester Pirates : RHP Luis Flores
Batting: RHB Sergio Andrada 0-0: Foul Ball, location: 2F
0-1: Ground out 1-3 (Groundball, 13S, EV 68.8 MPH)
Pitching: RHP Cameron Williams
Batting: SHB Ernesto Mazas 0-0: Ball
1-0: Called Strike
1-1: Ball
2-1: Swinging Strike
2-2: Strikes out looking
Batting: RHB Oscar Ramirez 0-0: Foul Ball, location: 2F
0-1: Foul Ball, location: 2F
0-2: Ball
1-2: Foul Ball, location: 2F
1-2: Strikes out swinging
Bottom of the 4th over - 0 runs, 0 hits, 0 errors, 0 left on base; Chester 2 - New Jersey 3
TOP OF THE 5TH
Chester Pirates batting - Pitching for New Jersey Devils : RHP Justin Vallis
Batting: LHB Damien Cohen 0-0: Ball
1-0: Foul Ball, location: 2F
1-1: Foul Ball, location: 2F
1-2: Ground out 4-3 (Groundball, 34D, EV 78.1 MPH)
Batting: RHB Matt Derrien 0-0: Ball
1-0: Foul Ball, location: 2F
1-1: Foul Ball, location: 2F
1-2: Ball
2-2: Strikes out swinging
Batting: RHB Francisco Santos 0-0: Swinging Strike
0-1: Ball
1-1: Called Strike
1-2: SINGLE (Groundball, 34S, EV 66.9 MPH) (infield hit)
Batting: RHB Ryan LeSueur 0-0: Ball
1-0: Ball
2-0: Called Strike
2-1: Ball
3-1: Base on Balls
Francisco Santos to second
Batting: LHB Kazuyoshi Ikeda 0-0: Called Strike
0-1: Ball
1-1: Ball
2-1: Foul Ball, location: 2F
2-2: Fly out, F7 (Line Drive, 7S, EV 91.2 MPH)
Top of the 5th over - 0 runs, 1 hit, 0 errors, 2 left on base; Chester 2 - New Jersey 3
BOTTOM OF THE 5TH
New Jersey Devils batting - Pitching for Chester Pirates : RHP Cameron Williams
Batting: LHB Joel Sandoval 0-0: Ball
1-0: Ball
2-0: Called Strike
2-1: Ball
3-1: Foul Ball, location: 2F
3-2: Base on Balls
Batting: SHB Tyler Maddux 0-0: Ball
1-0: Ball
2-0: Called Strike
2-1: Ball
3-1: SINGLE (Groundball, 5L, EV 99.4 MPH)
Joel Sandoval to second
Batting: LHB Randolph Brodbeck 0-0: Swinging Strike
0-1: Ball
1-1: Foul Ball, location: 2F
1-2: Strikes out swinging
Batting: RHB Chris Artz 0-0: Ball
1-0: Called Strike
1-1: Ball
2-1: Called Strike
2-2: Ball
3-2: Foul Ball, location: 2F
3-2: Base on Balls
Joel Sandoval to third
Tyler Maddux to second
Batting: RHB Jim Freels 0-0: Called Strike
0-1: Ball
1-1: Ball
2-1: Ball
3-1: Base on Balls
Joel Sandoval scores
Tyler Maddux to third
Chris Artz to second
Batting: RHB Craig Alvarado 0-0: Ball
1-0: Called Strike
1-1: Foul Ball, location: 2F
1-2: Ball
2-2: Strikes out swinging
Batting: RHB Sergio Andrada 0-0: Ball
1-0: Ball
2-0: Ball
3-0: Base on Balls
Tyler Maddux scores
Chris Artz to third
Jim Freels to second
Batting: SHB Ernesto Mazas 0-0: Ball
Wild Pitch!
Chris Artz scores
Jim Freels to third
Sergio Andrada to second
1-0: Fly out, F9 (Flyball, 9LS, EV 85.6 MPH)
Bottom of the 5th over - 3 runs, 1 hit, 0 errors, 2 left on base; Chester 2 - New Jersey 6
TOP OF THE 6TH
Chester Pirates batting - Pitching for New Jersey Devils : RHP Justin Vallis
Batting: RHB Ricky Alvarado 0-0: Foul Ball, location: 2F
0-1: Ball
1-1: Ball
2-1: Ball
3-1: Base on Balls
Batting: RHB Jason Rhodes 0-0: Called Strike
0-1: Swinging Strike
0-2: Ball
1-2: Strikes out looking
Batting: RHB Erik Mulligan 0-0: Called Strike
0-1: Ball
1-1: Called Strike
Ricky Alvarado is caught stealing 2nd base 2-4
1-2: Foul Ball, location: 2F
1-2: Ball
2-2: Reached on error, E5 (Groundball, 56S, EV 83.8 MPH)
Batting: RHB Hidesuke Yoshida 0-0: Ball
1-0: Called Strike
1-1: Foul Ball, location: 2F
1-2: Strikes out swinging
Top of the 6th over - 0 runs, 0 hits, 1 error, 1 left on base; Chester 2 - New Jersey 6
BOTTOM OF THE 6TH
New Jersey Devils batting - Pitching for Chester Pirates : RHP Cameron Williams
Pitching: RHP Tomas Cavazos
Batting: RHB Oscar Ramirez 0-0: Ground out 6-3 (Groundball, 6, EV 82.5 MPH)
Batting: LHB Joel Sandoval 0-0: Swinging Strike
0-1: Ball
1-1: Ball
2-1: Ground out 4-3 (Groundball, 4, EV 85.0 MPH)
Batting: SHB Tyler Maddux 0-0: Called Strike
0-1: Ball
1-1: SINGLE (Groundball, 4D, EV 97.5 MPH)
Batting: LHB Randolph Brodbeck 0-0: Ball
1-0: Foul Ball, location: 2F
1-1: Called Strike
1-2: Foul Ball, location: 2F
1-2: Foul Ball, location: 2F
1-2: Foul Ball, location: 2F
1-2: Ground out 4-3 (Groundball, 34S, EV 86.9 MPH)
Bottom of the 6th over - 0 runs, 1 hit, 0 errors, 1 left on base; Chester 2 - New Jersey 6
TOP OF THE 7TH
Chester Pirates batting - Pitching for New Jersey Devils : RHP Justin Vallis
Batting: LHB Damien Cohen 0-0: Ball
1-0: Called Strike
1-1: Ball
2-1: Fly out, F6 (Flyball, 6MD, EV 83.1 MPH)
Batting: RHB Matt Derrien 0-0: Called Strike
0-1: Ball
1-1: Foul Ball, location: 2F
1-2: Ball
2-2: Strikes out looking
Batting: RHB Francisco Santos 0-0: Ball
1-0: Called Strike
1-1: Foul Ball, location: 2F
1-2: Fly out, F8 (Flyball, 8RXD, EV 105.6 MPH)
Top of the 7th over - 0 runs, 0 hits, 0 errors, 0 left on base; Chester 2 - New Jersey 6
BOTTOM OF THE 7TH
New Jersey Devils batting - Pitching for Chester Pirates : RHP Tomas Cavazos
Batting: RHB Chris Artz 0-0: Ball
1-0: Ground out 5-3 (Groundball, 56, EV 95.0 MPH)
Batting: RHB Jim Freels 0-0: Foul Ball, location: 2F
0-1: SINGLE (Line Drive, 34D, EV 98.1 MPH)
Batting: RHB Craig Alvarado 0-0: Called Strike
0-1: Ground out 4-3 (Groundball, 34S, EV 91.2 MPH)
Jim Freels to second
Batting: RHB Sergio Andrada 0-0: Ball
1-0: Ball
2-0: Called Strike
2-1: Called Strike
2-2: Ground out 6-3 (Groundball, 6S, EV 89.4 MPH)
Bottom of the 7th over - 0 runs, 1 hit, 0 errors, 1 left on base; Chester 2 - New Jersey 6
TOP OF THE 8TH
Chester Pirates batting - Pitching for New Jersey Devils : RHP Justin Vallis
Pitching: RHP Justin Williams
Batting: RHB Ryan LeSueur 0-0: Called Strike
0-1: Ball
1-1: Ball
2-1: Foul Ball, location: 2F
2-2: Ball
3-2: Foul Ball, location: 2F
3-2: Strikes out swinging
Batting: LHB Kazuyoshi Ikeda 0-0: Called Strike
0-1: Foul Ball, location: 2F
0-2: DOUBLE (Groundball, 3L, EV 95.6 MPH)
Batting: RHB Ricky Alvarado 0-0: Called Strike
0-1: Called Strike
0-2: Ball
1-2: Ball
2-2: Ball
3-2: Strikes out swinging
Batting: RHB Jason Rhodes 0-0: Ball
1-0: Foul Ball, location: 2F
1-1: Foul Ball, location: 2F
1-2: Ball
2-2: Foul Ball, location: 2F
2-2: Ball
3-2: Strikes out swinging
Top of the 8th over - 0 runs, 1 hit, 0 errors, 1 left on base; Chester 2 - New Jersey 6
BOTTOM OF THE 8TH
New Jersey Devils batting - Pitching for Chester Pirates : RHP Tomas Cavazos
Batting: SHB Ernesto Mazas 0-0: Ball
1-0: SINGLE (Line Drive, 78S, EV 88.8 MPH)
Batting: RHB Oscar Ramirez 0-0: Grounds into double play, 5-4-3 (Groundball, 56S, EV 75.6 MPH)
Batting: LHB Joel Sandoval 0-0: Foul Ball, location: 2F
0-1: Called Strike
0-2: Ball
1-2: Strikes out swinging
Bottom of the 8th over - 0 runs, 1 hit, 0 errors, 0 left on base; Chester 2 - New Jersey 6
TOP OF THE 9TH
Chester Pirates batting - Pitching for New Jersey Devils : RHP Justin Williams
Batting: RHB Erik Mulligan 0-0: Ball
1-0: Called Strike
1-1: Foul Ball, location: 2F
1-2: Ball
2-2: Ball
3-2: Ground out 5-3 (Groundball, 5S, EV 85.6 MPH)
Batting: RHB Hidesuke Yoshida 0-0: Ball
1-0: Ball
2-0: Called Strike
2-1: DOUBLE (Line Drive, 78D, EV 113.8 MPH)
Pinch Hitting: RHB Rafael Galicia 0-0: Fly out, F9 (Flyball, 89M, EV 88.8 MPH)
Batting: RHB Matt Derrien 0-0: Called Strike
0-1: Foul Ball, location: 2F
0-2: Strikes out swinging
Top of the 9th over - 0 runs, 1 hit, 0 errors, 1 left on base; Chester 2 - New Jersey 6
Thursday, December 15th , 2022 - OOTP Baseball 23.9 Build 102